 Dungeon Crawl Stone Soup version 0.13.0-19-g8e0b589 (webtiles) character file.

315 Malachi the Skirmisher (level 5, -4/42 HPs)
             Began as a Mummy Fighter on Oct 24, 2013.
             Slain by a gnoll skeleton (5 damage)
             ... on Level 4 of the Dungeon.
             The game lasted 00:05:09 (2184 turns).

Malachi the Skirmisher (Mummy Fighter)              Turns: 2184, Time: 00:05:09

HP  -4/42        AC 10     Str 20      XL: 5   Next: 52%
MP   4/4         EV  9     Int  7      God:
Gold 110         SH 19     Dex 11      Spells:  0 memorised,  4 levels left

Res.Fire  : . . .   See Invis. : .   a - +1,+0 mace
Res.Cold  : + . .   Warding    : .   b - +0 scale mail
Life Prot.: + + +   Conserve   : +   c - +1 shield
Res.Poison: +       Res.Corr.  : .   (no helmet)
Res.Elec. : .       Clarity    : .   g - +2 cloak
Sust.Abil.: . .     Spirit.Shd : .   (no gloves)
Res.Mut.  : .       Stasis     : .   (no boots)
Res.Rott. : +       Flight     : .   o - amulet of conservation
Saprovore : . . .                    m - +3 ring of evasion
                                     k - ring of protection from fire

@: slightly resistant to hostile enchantments, extremely unstealthy
A: no food or potions, fire vulnerability, restore body, cold resistance 1, life
protection 3, poison resistance, torment resistance, unbreathing
a: no special abilities


You were on level 4 of the Dungeon.
You were not hungry.

You visited 1 branch of the dungeon, and saw 4 of its levels.

You collected 90 gold pieces.

Inventory:

Hand weapons
 a - a +1,+0 mace (weapon)
Armour
 b - a +0 scale mail (worn)
 c - a +1 shield (worn)
 g - a +2 cloak (worn)
Scrolls
 d - 2 scrolls of identify
 e - 2 scrolls of recharging {unknown}
 f - a scroll of enchant weapon I
 h - a scroll of curse armour
 l - 2 scrolls of remove curse {unknown}
Jewellery
 k - a ring of protection from fire (left hand)
 m - a +3 ring of evasion (right hand)
 o - an amulet of conservation (around neck)


   Skills:
 + Level 3.7 Fighting
 * Level 2.5 Maces & Flails
 + Level 3.3 Armour
 + Level 1.4 Dodging
 + Level 3.3 Shields


You had 4 spell levels left.
You didn't know any spells.

Dungeon Overview and Level Annotations

Branches:
Dungeon (4/27)
 Temple: D:4-7

Altars:
Trog


Innate Abilities, Weirdness & Mutations

You do not eat or drink.
Your flesh is vulnerable to fire.
Your flesh is cold resistant.
You are immune to negative energy.
Your system is resistant to poisons.
You are immune to unholy pain and torment.
You can survive without breathing.


Message History

Unknown command.
Unknown command.
You thump the adder!
You kill the adder!
The giant newt barely misses you. The kobold hits you but does no damage.
You block the gnoll skeleton's attack. The rat barely misses you.
You block the giant newt's attack.
Unknown command.
You closely miss the kobold. The kobold closely misses you.
The rat twitches its whiskers.
The rat bites you but does no damage. The gnoll skeleton barely misses you.
The goblin closely misses you.
The giant newt bites you but does no damage.
You block the kobold's attack.
You hit the kobold.
You kill the kobold!
You block the rat's attack. The goblin hits you.
* * * LOW HITPOINT WARNING * * *
The gnoll skeleton hits you.
You die...

... .........
...........
...G.........
...............
................
....§.§§§.......
......§§§z§......
......§§@l§.......
......§§rg§$......
.....§§§§§.......
................
..?.............
...............
..?..........
...........
...b.....


You could see a giant eyeball, a goblin, a giant newt, a rat and a gnoll
skeleton.

Vanquished Creatures
  A crimson imp (D:3)
  11 adders
  2 giant geckos (D:1)
  2 orcs (D:3)
  5 bats
  7 giant cockroaches
  6 goblins
  10 hobgoblins
  3 jackals (D:3)
  10 kobolds
  2 oozes (D:3)
  A quokka (D:3)
  2 giant newts
  An orc skeleton (D:3)
  6 rats
69 creatures vanquished.

Notes
Turn   | Place    | Note
--------------------------------------------------------------
     0 | D:1      | Malachi, the Mummy Fighter, began the quest for the Orb.
     0 | D:1      | Reached XP level 1. HP: 18/18 MP: 0/0
   248 | D:1      | Reached XP level 2. HP: 20/24 MP: 1/1
   707 | D:2      | Reached XP level 3. HP: 15/30 MP: 2/2
   962 | D:2      | Reached XP level 4. HP: 31/36 MP: 3/3
  1177 | D:2      | Found a bloodstained altar of Trog.
  1347 | D:3      | Reached skill level 1 in Dodging
  1524 | D:3      | Reached XP level 5. HP: 29/42 MP: 4/4
  2093 | D:4      | Noticed an ogre
  2093 | D:4      | Noticed an ogre
  2178 | D:4      | Paralysed by a giant eyeball for 2 turns
  2180 | D:4      | HP: 2/42 [kobold/dagger (1)]
  2184 | D:4      | Slain by a gnoll skeleton

Action                   |  1- 3 |  4- 6 || total
-------------------------+-------+-------++-------
Melee: Mace              |   114 |   165 ||   279
  Use: Scroll            |     1 |    11 ||    12
